 Dungeon Crawl Stone Soup version 0.32-a0-25-g86f1af2 (webtiles) character file.

Game seed: 9418820750173971218

366 Dorkslayer the Ruffian (level 6, -3/38 HPs)
             Began as an Octopode Shapeshifter on Jan 18, 2024.
             Was a Believer of Nemelex Xobeh.
             Killed by psychic fangs
             ... invoked by a brain worm
              (4 damage)
             ... in a sewer.
             The game lasted 00:07:10 (1879 turns).

Dorkslayer the Ruffian (Octopode Shapeshifter)      Turns: 1879, Time: 00:07:11

Health: -3/38      AC:  1    Str: 15    XL:     6   Next: 68%
Magic:  5/7        EV: 13    Int: 13    God:    Nemelex Xobeh [**....]
Gold:   158        SH:  0    Dex: 11    Spells: 5/5 levels left

rFire   . . .        h - +1 war axe
rCold   . . .        (no shield)
rNeg    . . .        (helmet currently unavailable)
rPois   .            (no amulet)
rElec   .            (no ring)
rCorr   .            (no ring)
SInv    .            (no ring)
Will    .....        (no ring)
Stlth   +++          (no ring)
HPRegen 0.26/turn    (no ring)
MPRegen 0.10/turn    (no ring)
                     (no ring)

%: no passive effects
@: lethally poisoned (-3 -> -4), beast-form
A: beast (slay +1), almost no armour, amphibious, 8 rings, camouflage 1,
gelatinous body 1, (nimble swimmer 1), tentacles
a: Begin Untransformation, Renounce Religion, Draw Escape, Draw Destruction,
Draw Summoning


You were in a sewer.
You worshipped Nemelex Xobeh.
Nemelex Xobeh was pleased with you.
You were a hulking beast.
You visited 1 branch of the dungeon, and saw 3 of its levels.
You also visited: Sewer.

You collected 158 gold pieces.

Inventory:

Hand Weapons
 h - a +1 war axe (weapon)
Talismans
 b - a beast talisman
 c - a flux talisman
Wands
 l - a wand of light (9)
 m - a wand of flame (21)
Scrolls
 j - a scroll of fear {unknown}
 n - a scroll of amnesia {unknown}
 o - 2 scrolls of teleportation {unknown}
 p - a scroll of fog {unknown}
 r - 3 scrolls of brand weapon {unknown}
Potions
 a - a potion of lignification
 d - 2 potions of resistance
 f - a potion of degeneration {unknown}
 g - a potion of haste {unknown}
 i - a potion of might
 k - a potion of brilliance {unknown}
 q - 2 potions of enlightenment


   Skills:
 + Level 1.5 Fighting
 * Level 3.5 Axes
 + Level 2.3 Dodging
 + Level 2.6 Stealth
 * Level 4.6 Unarmed Combat
 * Level 2.1 Invocations
 * Level 0.5 Evocations
 + Level 3.3 Shapeshifting


You had 5 spell levels left.
You didn't know any spells.
Your spell library contained the following spells:

 Spells                   Type           Power      Damage    Failure   Level
 Blink                    Tloc           0%         N/A       43%         2
 Lesser Beckoning         Tloc           0%         N/A       43%         2
 Mercury Vapours          Alch/Air       0%         N/A       43%         2
 Momentum Strike          Conj/Tloc      0%         3d8       43%         2
 Gell's Gravitas          Tloc           0%         N/A       67%         3
 Mephitic Cloud           Conj/Alch/Air  0%         N/A       67%         3
 Teleport Other           Tloc           0%         N/A       67%         3
 Tukima's Dance           Hex            0%         N/A       67%         3
 Passage of Golubria      Tloc           0%         N/A       97%         4
 Freezing Cloud           Conj/Ice/Air   0%         6-21      100%        5
 Yara's Violent Unravell  Hex/Alch       0%         3d3       100%        5
 Dispersal                Tloc           0%         N/A       100%        6


Dungeon Overview and Level Annotations

Branches:
Dungeon (3/15)              Sewer (1/1)

Altars:
Nemelex Xobeh

Shops:
D:3 =


Innate Abilities, Weirdness & Mutations

You are a hulking beast.
Your limbs bulge with bestial killing power. (Slay +1)
You cannot wear most types of armour.
You are amphibious.
You can wear up to eight rings at the same time.
Your skin changes colour to match your surroundings (Stealth+).
Your rubbery body absorbs attacks. (AC +1, EV +1)
((You are camouflaged when in or above water. (Stealth+)))
You have tentacles for arms and can constrict up to eight enemies at once.


Message History

You feel sick. The adder bites you.
You are more poisoned.
The adder poisons you! The brain worm bites you. The adder bites you.
The adder misses you.
The brain worm's throbbing head pulsates.
Something gnaws on your mind!
* * * LOW HITPOINT WARNING * * *
You feel your power leaking away.
You closely miss the adder. Your grab misses the adder.
The adder is almost dead.
You barely miss the brain worm. You hit the adder.
You kill the adder!
You feel sick. The adder bites you.
* * * LOW HITPOINT WARNING * * *
The brain worm barely misses you.
It was a potion of curing.
You feel better. The adder bites you.
* * * LOW HITPOINT WARNING * * *
You are poisoned.
The adder poisons you!
The brain worm's bulging head throbs.
Something gnaws on your mind!
* * * LOW HITPOINT WARNING * * *
You feel your power leaking away. The adder closely misses you.
You barely miss the adder. Your grab misses the adder.
The adder is almost dead.
You hit the brain worm.
* * * LOW HITPOINT WARNING * * *
You feel sick. The adder closely misses you. The brain worm bites you.
* * * LOW HITPOINT WARNING * * *
You barely miss the adder. You grab the adder.
The adder is almost dead.
You slash the brain worm! You constrict the adder.
* * * LOW HITPOINT WARNING * * *
You feel sick. The adder misses you. The brain worm misses you.
The adder closely misses you.
The brain worm's throbbing head pulsates.
Something gnaws on your mind!
You die...
Your body disappears without a glow.

#~≈.≈≈≈≈≈≈≈ ≈≈≈≈≈≈.≈~#
#~≈.~~~~~.~ ~~~~~~~≈~#
#~≈~####### ######~≈~# #~≈~#
###### #~≈.# #~≈~# #...†# #~≈~#
#~≈~# #####++#####''#####~≈~#
#~≈~# #∩.............~~~~~~~#
#~≈~# #∩..............~.~~~.#
#~≈.# #####'h#####''#####~≈~#
#~≈~# #.w†S# #....# #~≈.# #~≈~#
###### ###### #~≈~#
###~≈~#######################~≈~#
~~~~~~~†~.~~~~~~~~~~~~~~~.~.~†≈~≈
≈≈≈≈≈≈≈≈≈≈≈≈≈≈≈≈≈≈≈≈≈≈≈≈≈≈≈≈≈≈≈~≈
~~.~~~~~~~~~~~~~.~~~~~~~~.~~.~~~≈
#################################


You could see a brain worm and an adder.

Vanquished Creatures
  A phantom (D:3)
  A bombardier beetle (D:3)
  Jessica (D:3)
  Natasha (D:2)
  5 adders
  4 river rats
  2 dart slugs (D:1)
  2 ribbon worms (D:3)
  11 ball pythons
  5 endoplasms
  3 giant cockroaches
  4 goblins
  4 hobgoblins
  2 jackals (Sewer)
  6 kobolds
  5 quokkas
  8 bats
  4 frilled lizards
  9 rats
78 creatures vanquished.

Vanquished Creatures (collateral kills)
  Natasha (twice) (D:2)
  An endoplasm (D:2)
3 creatures vanquished.

Grand Total: 81 creatures vanquished

Notes
Turn   | Place    | Note
-------+----------+-------------------------------------------
     0 | D:1      | Dorkslayer the Octopode Shapeshifter began the quest for
                  | the Orb.
     0 | D:1      | Reached XP level 1. HP: 13/13 MP: 1/1
    67 | D:1      | Reached XP level 2. HP: 16/18 MP: 2/2
   289 | D:1      | Found a faded altar of an unknown god.
   301 | D:1      | Prayed at the altar of an unknown god.
   301 | D:1      | Became a worshipper of Nemelex Xobeh the Trickster
   301 | D:1      | Reached * piety under Nemelex Xobeh
   394 | D:1      | Reached XP level 3. HP: 23/23 MP: 3/3
   412 | D:1      | Reached skill level 4 in Unarmed Combat
   884 | D:2      | Noticed Natasha
   893 | D:2      | Killed Natasha
   894 | D:2      | Reached skill level 1 in Axes
   894 | D:2      | Reached XP level 4. HP: 27/28 MP: 4/4
   950 | D:2      | Received a gift from Nemelex Xobeh
   962 | D:2      | Reached skill level 1 in Stealth
  1031 | D:2      | Noticed Natasha
  1037 | D:2      | Killed Natasha
  1038 | D:2      | Reached skill level 1 in Invocations
  1108 | D:2      | Reached ** piety under Nemelex Xobeh
  1186 | D:2      | Noticed Natasha
  1196 | D:2      | Killed Natasha
  1197 | D:2      | Reached XP level 5. HP: 24/33 MP: 5/5
  1298 | D:3      | Noticed a phantom
  1305 | D:3      | Killed a phantom
  1310 | D:3      | Reached XP level 6. HP: 23/38 MP: 5/7
  1329 | D:3      | Found Caalav's Jewellery Shop.
  1373 | D:3      | Noticed Jessica
  1376 | D:3      | Killed Jessica
  1406 | D:3      | Found a glowing drain.
  1432 | D:3      | Received a gift from Nemelex Xobeh
  1443 | Sewer    | Entered a sewer
  1879 | Sewer    | HP: 1/38 [poisoned by an adder]
  1879 | Sewer    | Killed from afar by a brain worm

Illustrated notes

Levels and vault maps discovered:
D:1:      onia_arrival_handbag, layout_loops_ring,
          shapermc_ecumenical_altar_flowoftime, serial_bayou_ford_a,
          minmay_statues_item
D:2:      layout_rooms, nicolae_elevator_lobby_plus, uniq_natasha
D:3:      layout_loops_ring, fedhas_altar_1, portal_sewer_entry_a, serial_shops,
          nicolae_shop_tiny_statue_garden, kennysheep_generic_room_14,
          uniq_jessica
Sewer:    sewer_fruit_machine

Skill      XL: |  1  2  3  4  5  6 |
---------------+-------------------+-----
Unarmed Combat | 4 |  4.6
Axes           | 1 2 3 |  3.5
Stealth        | 2 |  2.6
Invocations    | 1 2 |  2.1
Fighting       | |  1.5
Dodging        | |  2.3
Evocations     | |  0.5
Shapeshifting  | |  3.3

Action                     |  1- 3 |  4- 6 || total
---------------------------+-------+-------++-------
  Melee: Unarmed           |    23 |       ||    23
         Tentacles         |    10 |    13 ||    23
         Constrict         |    16 |    22 ||    38
         War axe           |    37 |    81 ||   118
         Punch             |     2 |     1 ||     3
 Invoke: Draw Summoning    |       |     2 ||     2
  Evoke: Wand              |       |     3 ||     3
    Use: Scroll            |     4 |     1 ||     5
         Potion            |       |     1 ||     1
   Stab: Sleeping          |     5 |    14 ||    19
 Armour: Skin              |    19 |    51 ||    70
  Dodge: Dodged            |    34 |    61 ||    95

Table legend: (Time is in decaauts)
 A = Elapsed time spent in this place.
 B = Non-inter-level travel time spent in this place.
 C = Inter-level travel time spent in this place.
 D = Time resting spent in this place.
 E = Time spent auto-exploring this place.
 F = Levels seen in this place.
 G = Mean time per level.
                   A        B        C        D        E       F      G
               +--------+--------+--------+--------+--------+-----+--------+
         Total |   1923 |   1923 |      0 |     85 |    676 |   4 |  480.8 |
       Dungeon |   1472 |   1472 |      0 |      0 |    676 |   3 |  490.7 |
         Sewer |    450 |    450 |      0 |     85 |      0 |   1 |  450.0 |
               +--------+--------+--------+--------+--------+-----+--------+

Top non-repeatable levels by time:
     D:1: 756 daAuts
     D:2: 536 daAuts
   Sewer: 450 daAuts
     D:3: 180 daAuts
